| TOP OF THE 1ST |
|
Lexington Legends batting - Pitching for Lake County Captains : LHP Darrell Verkaik
|
|
Pitching: LHP Darrell Verkaik
|
|
|
Batting: SHB Ryoji Hiraoka
|
0-0: Foul Ball, location: 2F 0-1: Ball 1-1: Ball 2-1: Ball 3-1: Swinging Strike 3-2: Ground out 5-3 (Groundball, 56, EV 98.1 MPH)
|
|
Batting: RHB Franklin Salazar
|
0-0: Ball 1-0: Swinging Strike 1-1: Swinging Strike 1-2: Ball 2-2: Strikes out swinging
|
|
Batting: RHB Andy Urquhart
|
0-0: Fly out, F8 (Flyball, 8RS, EV 88.1 MPH)
|
| Top of the 1st over - 0 runs, 0 hits, 0 errors, 0 left on base; Lexington 0 - Lake County 0 |
| BOTTOM OF THE 1ST |
|
Lake County Captains batting - Pitching for Lexington Legends : RHP Rich Frontczak
|
|
Pitching: RHP Rich Frontczak
|
|
|
Batting: RHB Steve Gusman
|
0-0: Ball 1-0: Foul Ball, location: 2F 1-1: Called Strike 1-2: Ball 2-2: Fly out, F8 (Flyball, 8RD, EV 100.6 MPH)
|
|
Batting: RHB David Schweitzer
|
0-0: SINGLE (Groundball, 4, EV 95.0 MPH)
|
|
Batting: LHB Danny Moreno
|
0-0: Ball David Schweitzer is caught stealing 2nd base 2-6 1-0: Called Strike 1-1: Called Strike 1-2: Foul Ball, location: 2F 1-2: Ball 2-2: Strikes out swinging
|
| Bottom of the 1st over - 0 runs, 1 hit, 0 errors, 0 left on base; Lexington 0 - Lake County 0 |
| TOP OF THE 2ND |
|
Lexington Legends batting - Pitching for Lake County Captains : LHP Darrell Verkaik
|
|
Batting: RHB Pete Deschamps
|
0-0: Called Strike 0-1: Ball 1-1: Ball 2-1: Ball 3-1: Foul Ball, location: 2F 3-2: Foul Ball, location: 2F 3-2: Foul Ball, location: 2F 3-2: Foul Ball, location: 2F 3-2: SINGLE (Groundball, 56D, EV 103.8 MPH)
|
|
Batting: LHB Robert Wilkins
|
0-0: Called Strike 0-1: Called Strike 0-2: Strikes out looking
|
|
Batting: RHB Ben Garrett
|
0-0: Called Strike 0-1: Called Strike 0-2: Strikes out swinging
|
|
Batting: LHB David Bearden
|
0-0: Called Strike 0-1: Foul Ball, location: 2F 0-2: Ball 1-2: Ball 2-2: SINGLE (Groundball, 5S, EV 70.0 MPH) (infield hit) Pete Deschamps to second
|
|
Batting: RHB Kunimatsu Oya
|
0-0: Ball 1-0: Swinging Strike 1-1: Ball 2-1: Ball 3-1: Base on Balls Pete Deschamps to third David Bearden to second
|
|
Batting: RHB Eric Erickson
|
0-0: Ball 1-0: Ball 2-0: Ball 3-0: Called Strike 3-1: Base on Balls Pete Deschamps scores David Bearden to third Kunimatsu Oya to second
|
|
Batting: SHB Ryoji Hiraoka
|
0-0: Called Strike 0-1: Ball 1-1: Called Strike 1-2: Ball 2-2: Strikes out swinging
|
| Top of the 2nd over - 1 run, 2 hits, 0 errors, 3 left on base; Lexington 1 - Lake County 0 |
| BOTTOM OF THE 2ND |
|
Lake County Captains batting - Pitching for Lexington Legends : RHP Rich Frontczak
|
|
Batting: RHB Ricky Butts
|
0-0: Ball 1-0: Swinging Strike 1-1: Ball 2-1: Ball 3-1: Base on Balls
|
|
Batting: RHB Shane Smith
|
0-0: Grounds out, U3 (Groundball, 3L, EV 103.1 MPH)
|
|
Batting: RHB Josh Stinnett
|
0-0: Fly out, F7 (Line Drive, 7D, EV 89.4 MPH)
|
|
Batting: RHB Reynaldo Herrera
|
0-0: Called Strike 0-1: Ball 1-1: Ball Passed Ball! Ricky Butts to third 2-1: Swinging Strike 2-2: Foul Ball, location: 2F 2-2: Foul Ball, location: 2F 2-2: Ball 3-2: Ground out 5-3 (Groundball, 56, EV 89.4 MPH)
|
| Bottom of the 2nd over - 0 runs, 0 hits, 0 errors, 1 left on base; Lexington 1 - Lake County 0 |
| TOP OF THE 3RD |
|
Lexington Legends batting - Pitching for Lake County Captains : LHP Darrell Verkaik
|
|
Batting: RHB Franklin Salazar
|
0-0: Ball 1-0: DOUBLE (Line Drive, 78D, EV 109.4 MPH)
|
|
Batting: RHB Andy Urquhart
|
0-0: Ball 1-0: Ball 2-0: Swinging Strike 2-1: Ball 3-1: Called Strike 3-2: Strikes out looking
|
|
Batting: RHB Pete Deschamps
|
0-0: Ball 1-0: DOUBLE (Line Drive, 78D, EV 107.5 MPH) Franklin Salazar scores
|
|
Batting: LHB Robert Wilkins
|
0-0: Ball 1-0: Swinging Strike 1-1: Ground out 4-3 (Groundball, 4, EV 87.5 MPH) Pete Deschamps to third
|
|
Batting: RHB Ben Garrett
|
0-0: Ball 1-0: Ground out 1-3 (Groundball, P, EV 71.2 MPH)
|
| Top of the 3rd over - 1 run, 2 hits, 0 errors, 1 left on base; Lexington 2 - Lake County 0 |
| BOTTOM OF THE 3RD |
|
Lake County Captains batting - Pitching for Lexington Legends : RHP Rich Frontczak
|
|
Pitching: RHP Tony Jimenez
|
|
|
Batting: RHB Seth Rutz
|
0-0: Swinging Strike 0-1: SINGLE (Groundball, 4MD, EV 100.0 MPH)
|
|
Batting: RHB Gashie Chimsima
|
0-0: Swinging Strike 0-1: Ball 1-1: Ball 2-1: Ball 3-1: Base on Balls Seth Rutz to second
|
|
Batting: RHB Steve Gusman
|
0-0: Foul Ball, location: 2F 0-1: Ball 1-1: Ball Wild Pitch! Seth Rutz to third Gashie Chimsima to second 2-1: Ball 3-1: Called Strike 3-2: Ground out 6-3 (Groundball, 6, EV 82.5 MPH) Seth Rutz scores Gashie Chimsima to third
|
|
Batting: RHB David Schweitzer
|
0-0: Swinging Strike 0-1: Ball 1-1: Ball 2-1: SINGLE (Groundball, 6D, EV 101.9 MPH) Gashie Chimsima scores
|
|
Batting: LHB Danny Moreno
|
0-0: Swinging Strike 0-1: SINGLE (Groundball, 34S, EV 68.8 MPH) (infield hit) David Schweitzer to second
|
|
Pitching: RHP Howie Seidler
|
|
|
Batting: RHB Ricky Butts
|
0-0: Called Strike 0-1: Swinging Strike 0-2: Strikes out looking
|
|
Batting: RHB Shane Smith
|
0-0: Called Strike 0-1: Ball 1-1: 3-RUN HOME RUN (Flyball, 78XD, EV 113.1 MPH), Distance : 446 ft
|
|
Batting: RHB Josh Stinnett
|
0-0: Called Strike 0-1: Foul Ball, location: 2F 0-2: Foul Ball, location: 2F 0-2: Strikes out swinging
|
| Bottom of the 3rd over - 5 runs, 4 hits, 0 errors, 0 left on base; Lexington 2 - Lake County 5 |
| TOP OF THE 4TH |
|
Lexington Legends batting - Pitching for Lake County Captains : LHP Darrell Verkaik
|
|
Batting: LHB David Bearden
|
0-0: Fly out, F5 (Popup, 15, EV 87.5 MPH)
|
|
Batting: RHB Kunimatsu Oya
|
0-0: Called Strike 0-1: Ball 1-1: Foul Ball, location: 2F 1-2: DOUBLE (Line Drive, 5D, EV 100.0 MPH)
|
|
Batting: RHB Eric Erickson
|
0-0: Swinging Strike 0-1: Swinging Strike 0-2: Strikes out looking
|
|
Batting: SHB Ryoji Hiraoka
|
0-0: Ball 1-0: Ball 2-0: Foul Ball, location: 2F 2-1: Foul Ball, location: 2F 2-2: Ball 3-2: DOUBLE (Groundball, 5L, EV 106.9 MPH) Kunimatsu Oya scores
|
|
Batting: RHB Franklin Salazar
|
0-0: Called Strike 0-1: Called Strike 0-2: Ball 1-2: Ball 2-2: Foul Ball, location: 2F 2-2: Ball 3-2: Reached on error, E5 (Groundball, 56, EV 88.8 MPH) Ryoji Hiraoka to third
|
|
Batting: RHB Andy Urquhart
|
0-0: Called Strike 0-1: Ball Franklin Salazar steals 2nd base 1-1: Called Strike 1-2: Foul Ball, location: 2F 1-2: Fly out, F9 (Line Drive, 89M, EV 90.6 MPH)
|
| Top of the 4th over - 1 run, 2 hits, 1 error, 2 left on base; Lexington 3 - Lake County 5 |
| BOTTOM OF THE 4TH |
|
Lake County Captains batting - Pitching for Lexington Legends : RHP Howie Seidler
|
|
Batting: RHB Reynaldo Herrera
|
0-0: Ball 1-0: Called Strike 1-1: Ball 2-1: Swinging Strike 2-2: Strikes out swinging
|
|
Batting: RHB Seth Rutz
|
0-0: Foul Ball, location: 2F 0-1: Ball 1-1: Called Strike 1-2: DOUBLE (Line Drive, 89M, EV 97.5 MPH)
|
|
Pitching: LHP Tyler Abraham
|
|
|
Batting: RHB Gashie Chimsima
|
0-0: Ball 1-0: SINGLE (Groundball, 6S, EV 77.5 MPH) (infield hit) Seth Rutz to third
|
|
Batting: RHB Steve Gusman
|
0-0: Ball Gashie Chimsima is caught stealing 2nd base 2-4 1-0: Called Strike 1-1: Foul Ball, location: 2F 1-2: Foul Ball, location: 2F 1-2: Strikes out swinging
|
| Bottom of the 4th over - 0 runs, 2 hits, 0 errors, 1 left on base; Lexington 3 - Lake County 5 |
| TOP OF THE 5TH |
|
Lexington Legends batting - Pitching for Lake County Captains : LHP Darrell Verkaik
|
|
Batting: RHB Pete Deschamps
|
0-0: Called Strike 0-1: SOLO HOME RUN (Flyball, 7D, EV 96.9 MPH), Distance : 385 ft
|
|
Batting: LHB Robert Wilkins
|
0-0: Called Strike 0-1: Ball 1-1: Called Strike 1-2: SINGLE (Line Drive, 89M, EV 91.2 MPH)
|
|
Pitching: LHP Jordan Jimenez
|
|
|
Batting: RHB Ben Garrett
|
0-0: Called Strike 0-1: Fly out, F4 (Line Drive, 4D, EV 70.0 MPH)
|
|
Batting: LHB David Bearden
|
0-0: Ball 1-0: Ball 2-0: Ball 3-0: Foul Ball, location: 2F 3-1: Called Strike 3-2: Strikes out swinging
|
|
Batting: RHB Kunimatsu Oya
|
0-0: Called Strike 0-1: Ball 1-1: Ball 2-1: Ground out 6-3 (Groundball, 56D, EV 90.0 MPH)
|
| Top of the 5th over - 1 run, 2 hits, 0 errors, 1 left on base; Lexington 4 - Lake County 5 |
| BOTTOM OF THE 5TH |
|
Lake County Captains batting - Pitching for Lexington Legends : LHP Tyler Abraham
|
|
Batting: RHB David Schweitzer
|
0-0: Ball 1-0: Ball 2-0: Ball 3-0: Base on Balls
|
|
Batting: LHB Danny Moreno
|
0-0: Called Strike 0-1: Ball 1-1: Ball 2-1: Ball 3-1: Base on Balls David Schweitzer to second
|
|
Batting: RHB Ricky Butts
|
0-0: DOUBLE (Line Drive, 8RXD, EV 104.4 MPH) David Schweitzer scores Danny Moreno to third
|
|
Batting: RHB Shane Smith
|
0-0: Ball 1-0: Ball 2-0: Ball Wild Pitch! Danny Moreno scores Ricky Butts to third 3-0: DOUBLE (Line Drive, 7LS, EV 95.0 MPH) Ricky Butts scores
|
|
Pitching: LHP Hyoji Kawabata
|
|
|
Batting: RHB Josh Stinnett
|
0-0: Called Strike 0-1: Ball 1-1: SINGLE (Line Drive, 89S, EV 90.6 MPH) Shane Smith to third
|
|
Batting: RHB Reynaldo Herrera
|
0-0: Fly out, F7 (Flyball, 78M, EV 95.0 MPH) Throwing error, E7 Shane Smith scores Josh Stinnett to second
|
|
Batting: RHB Seth Rutz
|
0-0: Ball 1-0: Called Strike 1-1: Foul Ball, location: 2F 1-2: Ball 2-2: Ball 3-2: Strikes out looking
|
|
Batting: RHB Gashie Chimsima
|
0-0: Foul Ball, location: 2F 0-1: Called Strike 0-2: Ball 1-2: Ball 2-2: Ground out 6-3 (Groundball, 6M, EV 110.6 MPH)
|
| Bottom of the 5th over - 4 runs, 3 hits, 1 error, 1 left on base; Lexington 4 - Lake County 9 |
| TOP OF THE 6TH |
|
Lexington Legends batting - Pitching for Lake County Captains : LHP Jordan Jimenez
|
|
Batting: RHB Eric Erickson
|
0-0: Called Strike 0-1: Called Strike 0-2: Ground out 5-3 (Groundball, 56S, EV 83.8 MPH)
|
|
Batting: SHB Ryoji Hiraoka
|
0-0: Ball 1-0: Ball 2-0: Called Strike 2-1: Ball 3-1: Base on Balls
|
|
Batting: RHB Franklin Salazar
|
0-0: Called Strike Balk! Ryoji Hiraoka to second 0-1: Ball 1-1: Foul Ball, location: 2F 1-2: SINGLE (Groundball, 5L, EV 96.2 MPH) Ryoji Hiraoka to third Runner from 3rd tries for Home, SAFE, throw by LF to home
|
|
Batting: RHB Andy Urquhart
|
0-0: Ball 1-0: Called Strike 1-1: Foul Ball, location: 2F 1-2: Foul Ball, location: 2F 1-2: Ball 2-2: Ball 3-2: DOUBLE (Flyball, 78D, EV 105.0 MPH) Franklin Salazar to third
|
|
Batting: RHB Pete Deschamps
|
0-0: Foul Ball, location: 2F 0-1: Called Strike 0-2: Fly out, F7 (Line Drive, 7, EV 83.8 MPH) Runner from 3rd tags up, OUT at HOME! 7-2
|
| Top of the 6th over - 1 run, 2 hits, 0 errors, 1 left on base; Lexington 5 - Lake County 9 |
| BOTTOM OF THE 6TH |
|
Lake County Captains batting - Pitching for Lexington Legends : LHP Hyoji Kawabata
|
|
Batting: RHB Steve Gusman
|
0-0: Foul Ball, location: 2F 0-1: SINGLE (Groundball, 6S, EV 67.5 MPH) (infield hit)
|
|
Batting: RHB David Schweitzer
|
0-0: Foul Ball, location: 2F 0-1: Ball Wild Pitch! Steve Gusman to second 1-1: Swinging Strike 1-2: Ball 2-2: Ball 3-2: Fly out, F7 (Flyball, 7, EV 90.6 MPH) Runner from 2nd tags up, OUT at 3rd! 7-5
|
|
Pitching: RHP Junsuke Abe
|
|
|
Batting: LHB Danny Moreno
|
0-0: Called Strike 0-1: Foul Ball, location: 2F 0-2: Foul Ball, location: 2F 0-2: Foul Ball, location: 2F 0-2: Foul Ball, location: 2F 0-2: SINGLE (Line Drive, 9S, EV 94.4 MPH)
|
|
Batting: RHB Ricky Butts
|
0-0: Ball 1-0: Ball 2-0: Ball 3-0: Called Strike 3-1: Base on Balls Danny Moreno to second
|
|
Batting: RHB Shane Smith
|
0-0: Foul Ball, location: 2F 0-1: Foul Ball, location: 2F 0-2: 3-RUN HOME RUN (Flyball, 8LXD, EV 116.9 MPH), Distance : 454 ft
|
|
Batting: RHB Josh Stinnett
|
0-0: Foul Ball, location: 2F 0-1: Fly out, F9 (Flyball, 9S, EV 87.5 MPH)
|
| Bottom of the 6th over - 3 runs, 3 hits, 0 errors, 0 left on base; Lexington 5 - Lake County 12 |
| TOP OF THE 7TH |
|
Lexington Legends batting - Pitching for Lake County Captains : LHP Jordan Jimenez
|
|
Pitching: RHP Malachi Shelton
|
|
|
Batting: LHB Robert Wilkins
|
0-0: Called Strike 0-1: Ground out 4-3 (Groundball, 4S, EV 91.9 MPH)
|
|
Batting: RHB Ben Garrett
|
0-0: Ball 1-0: Ball 2-0: Foul Ball, location: 2F 2-1: Swinging Strike 2-2: Ball 3-2: Base on Balls
|
|
Batting: LHB David Bearden
|
0-0: Called Strike 0-1: Swinging Strike 0-2: Fielders Choice at 2nd, 5-4 (Groundball, 56, EV 81.9 MPH)
|
|
Batting: RHB Kunimatsu Oya
|
0-0: Ball David Bearden steals 2nd base (no throw) 1-0: Called Strike 1-1: Ball 2-1: Called Strike 2-2: Ball 3-2: Ground out 4-3 (Groundball, 4, EV 80.6 MPH)
|
| Top of the 7th over - 0 runs, 0 hits, 0 errors, 1 left on base; Lexington 5 - Lake County 12 |
| BOTTOM OF THE 7TH |
|
Lake County Captains batting - Pitching for Lexington Legends : RHP Junsuke Abe
|
|
Batting: RHB Reynaldo Herrera
|
0-0: Swinging Strike 0-1: Fly out, F9 (Flyball, 9, EV 89.4 MPH)
|
|
Pitching: RHP Michiyo Takayama
|
|
|
Batting: RHB Seth Rutz
|
0-0: Ground out 5-3 (Groundball, 56, EV 91.2 MPH)
|
|
Batting: RHB Gashie Chimsima
|
0-0: Ball 1-0: SINGLE (Groundball, 4S, EV 73.1 MPH) (infield hit)
|
|
Batting: RHB Steve Gusman
|
0-0: Ball 1-0: Ball 2-0: TRIPLE (Flyball, 7LD, EV 113.8 MPH) Gashie Chimsima scores
|
|
Batting: RHB David Schweitzer
|
0-0: Swinging Strike 0-1: Ball 1-1: Foul Ball, location: 2F 1-2: Ball 2-2: Foul Ball, location: 2F 2-2: Ball 3-2: Base on Balls
|
|
Batting: LHB Danny Moreno
|
0-0: Foul Ball, location: 2F 0-1: Ball 1-1: Swinging Strike 1-2: Ball 2-2: DOUBLE (Line Drive, 9LS, EV 96.9 MPH) Steve Gusman scores David Schweitzer to third Runner from 3rd tries for Home, SAFE, no throw by RF
|
|
Pitching: RHP Nate De Jongh
|
|
|
Batting: RHB Ricky Butts
|
0-0: Ball Passed Ball! Danny Moreno to third 1-0: Ball 2-0: Ball 3-0: Called Strike 3-1: Swinging Strike 3-2: Foul Ball, location: 2F 3-2: Base on Balls
|
|
Batting: RHB Shane Smith
|
0-0: Called Strike 0-1: Foul Ball, location: 2F 0-2: Foul Ball, location: 2F 0-2: Ball 1-2: Ball 2-2: Ball 3-2: Fly out, F7 (Flyball, 7S, EV 79.4 MPH)
|
| Bottom of the 7th over - 3 runs, 3 hits, 0 errors, 2 left on base; Lexington 5 - Lake County 15 |
| TOP OF THE 8TH |
|
Lexington Legends batting - Pitching for Lake County Captains : RHP Malachi Shelton
|
|
Batting: RHB Eric Erickson
|
0-0: Called Strike 0-1: DOUBLE (Flyball, 8LXD, EV 108.1 MPH)
|
|
Batting: SHB Ryoji Hiraoka
|
0-0: Ball 1-0: Called Strike 1-1: Foul Ball, location: 2F 1-2: Fly out, F8 (Flyball, 78D, EV 93.1 MPH)
|
|
Batting: RHB Franklin Salazar
|
0-0: SINGLE (Groundball, 34D, EV 93.8 MPH) Eric Erickson to third Runner from 3rd tries for Home, throw by RF and OUT! 9-2
|
|
Batting: RHB Andy Urquhart
|
0-0: Called Strike 0-1: Foul Ball, location: 2F 0-2: Ball 1-2: Fielders Choice at 2nd, 6-4 (Groundball, 6, EV 84.4 MPH)
|
| Top of the 8th over - 0 runs, 2 hits, 0 errors, 1 left on base; Lexington 5 - Lake County 15 |
| BOTTOM OF THE 8TH |
|
Lake County Captains batting - Pitching for Lexington Legends : RHP Nate De Jongh
|
|
Batting: RHB Josh Stinnett
|
0-0: Ball 1-0: Called Strike 1-1: Ball 2-1: Foul Ball, location: 2F 2-2: Strikes out looking
|
|
Batting: RHB Reynaldo Herrera
|
0-0: Ball 1-0: Ball 2-0: Ball 3-0: Called Strike 3-1: Base on Balls
|
|
Batting: RHB Seth Rutz
|
0-0: Foul Ball, location: 2F 0-1: Swinging Strike 0-2: Hit by Pitch Reynaldo Herrera to second
|
|
Batting: RHB Gashie Chimsima
|
0-0: Fielders Choice at 2nd, 3-6 (Groundball, 34, EV 85.0 MPH) Reynaldo Herrera to third
|
|
Batting: RHB Steve Gusman
|
0-0: Fielders Choice at 2nd, 5-4 (Groundball, 56, EV 83.8 MPH)
|
| Bottom of the 8th over - 0 runs, 0 hits, 0 errors, 2 left on base; Lexington 5 - Lake County 15 |
| TOP OF THE 9TH |
|
Lexington Legends batting - Pitching for Lake County Captains : RHP Malachi Shelton
|
|
Batting: RHB Pete Deschamps
|
0-0: Called Strike 0-1: Foul Ball, location: 2F 0-2: Strikes out looking
|
|
Batting: LHB Robert Wilkins
|
0-0: Ball 1-0: Swinging Strike 1-1: Ball 2-1: SINGLE (Groundball, 5D, EV 106.9 MPH)
|
|
Batting: RHB Ben Garrett
|
0-0: Ball 1-0: Foul Ball, location: 2F 1-1: Called Strike 1-2: Strikes out swinging
|
|
Batting: LHB David Bearden
|
0-0: Ball 1-0: Called Strike 1-1: Ground out 4-3 (Groundball, 34D, EV 85.6 MPH)
|
| Top of the 9th over - 0 runs, 1 hit, 0 errors, 1 left on base; Lexington 5 - Lake County 15 |
|